 Dungeon Crawl Stone Soup version 0.23-a0-703-gdf2d5e0dd9 (webtiles) character file.

1354 LLavrengius the Slicer (level 8, -9/57 HPs)
             Began as an Octopode Fighter on Jan 14, 2019.
             Was an Initiate of Gozag.
             Mangled by a slime creature (15 damage)
             ... on level 6 of the Dungeon.
             The game lasted 00:14:51 (5208 turns).

LLavrengius the Slicer (Octopode Fighter)           Turns: 5208, Time: 00:14:52

Health: -9/57      AC:  1    Str: 15    XL:     8   Next: 63%
Magic:  8/8        EV: 11    Int: 12    God:    Gozag
Gold:   777        SH:  8    Dex: 12    Spells: 7/7 levels left

rFire    . . .     SeeInvis .   m - +1 dagger (elec)
rCold    . . .     Gourm    .   b - +0 shield
rNeg     + . .     Faith    .   (helmet restricted)
rPois    .         Spirit   .   (no amulet)
rElec    .         Reflect  .   i - ring of positive energy
rCorr    .         Harm     .   (no ring)
MR       .....                  (no ring)
Stlth    ++++......             (no ring)
HPRegen  0.19/turn              (no ring)
MPRegen  0.11/turn              (no ring)
                                (no ring)
                                (no ring)

@: gold aura
A: almost no armour, stealthy swim, amphibious, 8 rings, constrict 8, camouflage
1, gelatinous body 1
a: Potion Petition, Call Merchant, Bribe Branch, Renounce Religion


You were on level 6 of the Dungeon.
You worshipped Gozag.
Gozag was pleased with you.
You were not hungry.

You visited 1 branch of the dungeon, and saw 6 of its levels.

You collected 820 gold pieces.
You paid 43 gold pieces to Gozag.

Inventory:

Hand Weapons
 a - a +0 rapier
 k - a +2 spear of distortion
 m - a +1 dagger of electrocution (weapon)
 r - a +0 blowgun
 y - a +0 trident
Missiles
 j - a throwing net (quivered)
 l - 5 curare-tipped needles
 x - 64 poisoned needles
Armour
 b - a +0 shield (worn)
 s - a +0 buckler
Jewellery
 i - a ring of positive energy (left tentacle)
 C - an uncursed ring of ice
Wands
 D - a wand of acid (1)
Scrolls
 f - 2 scrolls of noise {unknown}
 g - 3 scrolls of enchant weapon {unknown}
 h - a scroll of fog {unknown}
 o - 7 scrolls of remove curse
 p - 2 scrolls of immolation {unknown}
 q - 2 scrolls of amnesia {unknown}
 u - 2 scrolls of blinking {unknown}
 F - a scroll of identify
 I - a scroll of fear {unknown}
 J - a scroll of acquirement {unknown}
 K - a scroll of teleportation {unknown}
Potions
 c - 2 potions of might
 e - 2 potions of flight {unknown}
 n - 3 potions of magic
 t - a potion of curing
 v - a potion of invisibility
 w - 2 potions of heal wounds
 z - a potion of degeneration
 A - a potion of mutation
 B - 2 potions of cancellation
 E - a potion of agility {unknown}
 G - 2 potions of haste {unknown}
 H - a potion of lignification {unknown}
Comestibles
 d - 9 rations


   Skills:
 + Level 5.9 Fighting
 * Level 8.3 Short Blades
 - Level 3.0 Dodging
 - Level 5.0 Stealth
 - Level 3.0 Shields


You had 7 spell levels left.
You didn't know any spells.
Your spell library contained the following spells:

 Spells                   Type           Power        Failure   Level  Hunger
 Magic Dart               Conj           #...         83%         1    ##.....
 Blink                    Tloc           N/A          93%         2    ###....
 Call Imp                 Summ           #.......     93%         2    ###....
 Slow                     Hex            #.......     93%         2    ###....
 Conjure Flame            Conj/Fire      #.......     99%         3    ####...
 Mephitic Cloud           Conj/Pois/Air  #.......     99%         3    ####...


Dungeon Overview and Level Annotations

Branches:
Dungeon (6/15)
 Temple: D:4-7

Altars:
Ashenzari
Gozag
Nemelex Xobeh
Wu Jian
Xom
Yredelemnul
Zin
The Shining One


Innate Abilities, Weirdness & Mutations

You cannot wear most types of armour.
You are very stealthy in the water. (Stealth+)
You are amphibious.
You can wear up to eight rings at the same time.
You can use your tentacles to constrict eight enemies at once.
Your skin changes colour to match your surroundings (Stealth+).
Your rubbery body absorbs attacks. (AC +1, EV +1)


Message History

The slime creature is moderately wounded.
The slime creature hits you!
You hit the slime creature.
The slime creature is moderately wounded.
The slime creature hits you!
You are too injured to fight recklessly!
You hit the slime creature.
The slime creature is moderately wounded.
You hit the slime creature but do no damage.
You squeeze the slime creature!
The slime creature is heavily wounded.
The ooze is no longer distracted by gold.
The slime creature hits you!!
* * * LOW HITPOINT WARNING * * *
You hit the slime creature.
You squeeze the slime creature, but do no damage.
The slime creature is heavily wounded.
The slime creature hits you!
You die...
Your body crumbles into a pile of gold.

#.....#.#.###.)...###............
#.....#.#.##.......###.#####.####
#.....#.#.##.(()...# #.# #.#
#.....+...##..))...# #.# #.#
#.....#.#.##.......# #.# #.#
......#.####....#### #.# #..
......# #....'..###.# ### ......#
########.##.. #'#####
##JJJ@..##### .....# #'#######
.....# #.P$PJ.... .....#
#÷......P÷ .....#


#JJ.PJPJ.J .....# .# #.J....÷PJ ##..###.# #JPJ.J÷... ###.###.# #...P...P%
.....##.# ########## You could see a slime creature and 2 oozes.

Vanquished Creatures
  A troll (D:6)
  Menkaure (D:6)
  A water moccasin (D:6)
  An ice beast (D:5)
  An orc warrior (D:6)
  An ogre (D:6)
  Blork the orc (D:4)
  A bullfrog (D:6)
  A scorpion (D:5)
  A howler monkey (D:5)
  A crimson imp (D:6)
  A quasit (D:6)
  2 jellies
  Jessica (D:3)
  An iguana (D:4)
  A worker ant (D:4)
  3 gnolls (D:4)
  8 adders
  3 oozes
  An adder skeleton (D:5)
  2 worms
  2 dart slugs
  A leopard gecko (D:5)
  15 orcs
  A ball python (D:2)
  5 bats
  3 giant cockroaches
  11 goblins
  14 hobgoblins
  3 jackals (D:4)
  4 quokkas
  3 frilled lizards
  14 kobolds
  A quokka skeleton (D:5)
  5 rats
116 creatures vanquished.

Vanquished Creatures (others)
  8 toadstools (D:6)
8 creatures vanquished.

Grand Total: 124 creatures vanquished

Notes
Turn   | Place    | Note
-------+----------+-------------------------------------------
     0 | D:1      | LLavrengius the Octopode Fighter began the quest for the
                  | Orb.
     0 | D:1      | Reached XP level 1. HP: 16/16 MP: 1/1
    44 | D:1      | Reached skill level 1 in Stealth
   195 | D:1      | Reached XP level 2. HP: 16/21 MP: 2/2
   780 | D:2      | Reached XP level 3. HP: 23/26 MP: 3/3
  1058 | D:2      | Found a sparkling altar of Nemelex Xobeh.
  1072 | D:2      | Reached skill level 3 in Short Blades
  1274 | D:2      | Found an opulent altar of Gozag.
  1274 | D:2      | Found a shimmering altar of Xom.
  1274 | D:2      | Found a glowing silver altar of Zin.
  1274 | D:2      | Found a basalt altar of Yredelemnul.
  1284 | D:2      | Found a shattered altar of Ashenzari.
  1284 | D:2      | Found an ornate altar of the Wu Jian Council.
  1292 | D:2      | Became a worshipper of Gozag Ym Sagoz the Greedy
  1451 | D:3      | Reached XP level 4. HP: 31/31 MP: 4/4
  2236 | D:3      | Noticed Jessica
  2243 | D:3      | Killed Jessica
  2243 | D:3      | Reached XP level 5. HP: 35/36 MP: 5/5
  2245 | D:3      | Reached skill level 4 in Short Blades
  2494 | D:3      | Found a sparkling altar of Nemelex Xobeh.
  2557 | D:4      | Reached skill level 5 in Stealth
  2557 | D:4      | Noticed Blork the orc
  2571 | D:4      | Killed Blork the orc
  2571 | D:4      | Reached XP level 6. HP: 18/42 MP: 6/6
  3033 | D:4      | Found a glowing golden altar of the Shining One.
  3155 | D:4      | Reached skill level 5 in Short Blades
  3461 | D:5      | Entered Level 5 of the Dungeon
  4014 | D:5      | Reached XP level 7. HP: 48/48 MP: 7/7
  4367 | D:5      | Reached skill level 6 in Short Blades
  4617 | D:6      | Reached skill level 5 in Fighting
  4617 | D:6      | Reached skill level 7 in Short Blades
  4617 | D:6      | Reached XP level 8. HP: 23/55 MP: 8/8
  4872 | D:6      | Noticed a troll
  4879 | D:6      | Killed a troll
  4958 | D:6      | Noticed Menkaure
  4960 | D:6      | Killed Menkaure
  4960 | D:6      | Reached skill level 8 in Short Blades
  5189 | D:6      | Noticed a slime creature
  5189 | D:6      | Noticed a slime creature
  5189 | D:6      | Noticed a slime creature
  5208 | D:6      | Mangled by a slime creature

Vault maps used:
D:1:      kennysheep_arrival_forest
D:2:      minmay_overflow_temple_hex, nemelex_spade_bored_becter
D:3:      first_ration, nemelex_diamond_rough_becter, uniq_jessica
D:4:      cheibrodos_old_hovel, tso_metal_star, uniq_blork_the_orc
D:6:      cheibrodos_fertilizer, uniq_menkaure

Skill      XL: |  1  2  3  4  5  6  7  8 |
---------------+-------------------------+-----
Stealth        | 1 2 3 4 5 |  5.0
Short Blades   | 3 4 5 7 8 |  8.3
Fighting       | 4 5 |  5.9
Dodging        | |  3.0
Shields        | |  3.0

Action                   |  1- 3 |  4- 6 |  7- 9 || total
-------------------------+-------+-------+-------++-------
Melee: Rapier            |    58 |    37 |       ||    95
       Constrict         |    12 |    22 |    14 ||    48
       Tentacles         |     4 |    24 |    13 ||    41
       Dagger            |       |    62 |    67 ||   129
 Fire: Blowgun           |       |       |     4 ||     4
Invok: Potion Petition   |       |     1 |       ||     1
  Use: Scroll            |       |     9 |       ||     9
 Stab: Sleeping          |    10 |    10 |     8 ||    28
  Eat: Chunk             |     2 |       |       ||     2
       Ration            |       |     2 |     2 ||     4
Armor: Skin              |     4 |     6 |     4 ||    14
Dodge: Dodged            |    17 |    21 |    16 ||    54
Block: Shield            |    20 |    24 |    17 ||    61

Table legend:
 A = Non-vault XP
 B = Vault XP
 C = Vault XP percentage of total XP
 D = Non-vault monster count
 E = Vault monster count
 F = Vault count percentage of total count
                 A         B        C        D         E       F
            +---------+---------+-------+---------+---------+-------
      Total |    1567 |     368 |  19.0 |     103 |      13 |  11.2
            +---------+---------+-------+---------+---------+-------
        D:1 |      28 |       0 |   0.0 |      15 |       0 |   0.0
        D:2 |      50 |       0 |   0.0 |      22 |       0 |   0.0
        D:3 |     103 |      37 |  26.4 |      27 |       1 |   3.6
        D:4 |     159 |      94 |  37.2 |      15 |       1 |   6.2
        D:5 |     317 |       0 |   0.0 |      11 |       0 |   0.0
        D:6 |     910 |     237 |  20.7 |      13 |      11 |  45.8
            +---------+---------+-------+---------+---------+-------
